 Dungeon Crawl Stone Soup version 0.24-a0-464-g6b2be6b8c7 (webtiles) character file.

Game seed: 10261384560458502851

6071 Gargoyl the Chopper (level 10, -7/126 HPs)
             Began as a Centaur Abyssal Knight on July 3, 2019.
             Was an Elder of Lugonu.
             Mangled by Urug
             ... wielding a +1 broad axe of electrocution
              (18 damage)
             ... on level 10 of the Dungeon.
             The game lasted 00:15:31 (10834 turns).

Gargoyl the Chopper (Centaur Abyssal Knight)       Turns: 10834, Time: 00:15:32

Health: -7/126     AC: 25    Str: 16    XL:     10   Next: 57%
Magic:  7/15       EV:  1    Int: 11    God:    Lugonu [****..]
Gold:   658        SH:  5    Dex: 16    Spells: 9/9 levels left

rFire    . . .     SeeInvis .   u - +5 war axe
rCold    . . .     Gourm    .   h - +0 buckler
rNeg     + + +     Faith    .   (armour currently unavailable)
rPois    +         Spirit   .   (helmet currently unavailable)
rElec    .         Reflect  .   (cloak currently unavailable)
rCorr    +         Harm     .   (gloves currently unavailable)
MR       .....     NoTele   +   (no barding)
Stlth    ++........             B - amulet of regeneration
HPRegen  0.71/turn              r - ring of resist corrosion
MPRegen  0.14/turn              x - ring of poison resistance

@: agile, tree-form
A: large
a: Depart the Abyss, Bend Space, Banish, Corrupt, Renounce Religion


You were on level 10 of the Dungeon.
You worshipped Lugonu.
Lugonu was greatly pleased with you.
You were hungry.
You were a tree.
You visited 1 branch of the dungeon, and saw 10 of its levels.
You visited the Abyss 1 time.

You collected 658 gold pieces.

Inventory:

Hand Weapons
 a - a +2 hand axe
 u - a +5 war axe (weapon)
Missiles
 q - 4 silver boomerangs (quivered)
Armour
 e - a +0 pair of gloves (melded)
 h - a +0 buckler (worn)
 p - a +0 helmet (melded)
 t - a +0 cloak (melded)
 y - a +0 plate armour (melded)
Jewellery
 r - a ring of resist corrosion (left branch)
 x - a ring of poison resistance (right branch)
 B - an amulet of regeneration (around neck)
Wands
 f - a wand of flame (6)
 o - a wand of digging (4)
 G - a wand of acid (9)
Scrolls
 b - 6 scrolls of remove curse
 k - 2 scrolls of fog
 m - 4 scrolls of teleportation
 n - 3 scrolls of enchant armour
 s - a scroll of fear
 v - 3 scrolls of identify
 E - 2 scrolls of magic mapping
Potions
 d - a potion of mutation {unknown}
 g - a potion of invisibility {unknown}
 i - a potion of agility
 j - 2 potions of haste
 w - a potion of curing
 z - a potion of lignification
 C - 2 potions of magic {unknown}
 D - a potion of berserk rage {unknown}
 F - a potion of cancellation {unknown}
Comestibles
 c - 3 rations
 l - 3 chunks of flesh


   Skills:
 + Level 6.3 Fighting
 + Level 7.3 Axes
 + Level 1.5 Throwing
 * Level 7.0 Armour
 + Level 1.6 Dodging
 * Level 4.3 Shields
 * Level 7.1 Invocations
 + Level 1.2 Evocations


You had 9 spell levels left.
You didn't know any spells.
Your spell library contained the following spells:

 Spells                   Type           Power        Failure   Level  Hunger
 Animate Skeleton         Necr           N/A          34%         1    ##.....
 Beastly Appendage        Tmut           #.....       34%         1    ##.....
 Confusing Touch          Hex            #.....       34%         1    ##.....
 Magic Dart               Conj           #...         34%         1    ##.....
 Pain                     Necr           #...         34%         1    ##.....
 Blink                    Tloc           N/A          47%         2    ###....
 Call Imp                 Summ           #.......     47%         2    ###....
 Poisonous Vapours        Pois/Air       #.....       47%         2    ###....
 Slow                     Hex            #.......     47%         2    ###....
 Sticks to Snakes         Tmut           #.......     47%         2    ###....
 Confuse                  Hex            #.......     71%         3    ####...
 Conjure Flame            Conj/Fire      #.......     71%         3    ####...
 Gell's Gravitas          Tloc           #.........   71%         3    ####...
 Mephitic Cloud           Conj/Pois/Air  #.......     71%         3    ####...
 Regeneration             Chrm/Necr      #.........   71%         3    ####...
 Spider Form              Tmut/Pois      #.........   71%         3    ####...
 Vampiric Draining        Necr           #.........   71%         3    ####...
 Animate Dead             Necr           N/A          98%         4    #####..
 Ice Form                 Ice/Tmut       #.......     98%         4    #####..
 Petrify                  Tmut/Erth      #.......     98%         4    #####..
 Blade Hands              Tmut           #.........   100%        5    ######.
 Metabolic Englaciation   Hex/Ice        #.........   100%        5    ######.
 Yara's Violent Unravell  Hex/Tmut       #.........   100%        5    ######.


Dungeon Overview and Level Annotations

Branches:
Dungeon (10/15)            Temple (0/1) D:5
   Lair: D:8-11         Orc: D:9-12

Altars:
Dithmenos
Fedhas
Gozag
Hepliaklqana
Nemelex Xobeh
Okawaru
Sif Muna
Trog
Vehumet
Wu Jian
Yredelemnul
Zin
The Shining One
Lugonu

Shops:
D:4 [

Annotations:
D:7 2 transporters
D:10 Urug


Innate Abilities, Weirdness & Mutations

((You have hooves in place of feet.))
((Armour fits poorly on your strangely shaped body.))
((You cover ground very quickly.))
((You have extremely tough skin. (AC +3)))


Message History

Urug struggles to resist.
You feel somewhat more hungry. Urug hits you but does no damage.
Press: ? - help, Shift-Dir - straight line, f/p - Urug
Aim: Urug, wielding a +1 broad axe of electrocution and wearing a +0 scale mail (moderately wounded, chance to defeat MR: 71%)
You fail to use your ability.
Urug hits you but does no damage.
You are electrocuted!
* * * LOW HITPOINT WARNING * * *
You feel better. Urug hits you but does no damage.
Press: ? - help, Shift-Dir - straight line, f/p - Urug
Aim: Urug, wielding a +1 broad axe of electrocution and wearing a +0 scale mail (moderately wounded, chance to defeat MR: 71%)
You fail to use your ability.
Press: ? - help, Shift-Dir - straight line, f/p - Urug
Aim: Urug, wielding a +1 broad axe of electrocution and wearing a +0 scale mail (moderately wounded, chance to defeat MR: 71%)
Okay, then.
Press: ? - help, Shift-Dir - straight line, f/p - Urug
Aim: Urug, wielding a +1 broad axe of electrocution and wearing a +0 scale mail (moderately wounded, chance to defeat MR: 71%) Urug struggles to resist.
You are feeling hungry.
Urug hits you but does no damage.
You are electrocuted!!
You die...

#......o #...?..
#..... #.... #...
#'## #(.# #####+##
###o##### #.......
#...♣...# #.......
#.......# #.......
#.......# ####.......
#.......###..'.......
#.....(.##..##.......
#....[..'..###.......
#.......#### #......<
#.......# #.......
######### ########


You could see Urug.

Vanquished Creatures
  2 two-headed ogres
  2 trolls
  5 yaks (D:9)
  A wyvern (D:9)
  2 hungry ghosts
  Menkaure (D:4)
  2 sky beasts
  2 phantoms
  A black bear (D:9)
  5 ogres
  6 centaurs
  5 bullfrogs
  A scorpion (D:8)
  8 howler monkeys
  3 crimson imps
  A bullfrog zombie (D:6)
  2 orc priests
  2 hounds
  2 jellies
  2 iguanas
  8 orc wizards
  7 worker ants
  A hound zombie (D:6)
  Robin (D:3)
  9 adders
  2 shadow imps
  An adder zombie (D:8)
  An adder skeleton (D:5)
  3 worms
  4 dart slugs
  3 leopard geckos
  23 orcs
  8 bats
  5 giant cockroaches
  18 goblins
  17 hobgoblins
  8 jackals
  6 quokkas
  8 frilled lizards
  A jackal skeleton (D:5)
  10 kobolds
  A leopard gecko skeleton (D:6)
  2 quokka skeletons
  8 rats
210 creatures vanquished.

Vanquished Creatures (others)
  A hungry ghost (D:10)
  A giant cockroach (D:3)
2 creatures vanquished.

Grand Total: 212 creatures vanquished

Notes
Turn   | Place    | Note
-------+----------+-------------------------------------------
     0 | Abyss:1  | Gargoyl the Centaur Abyssal Knight began the quest for the
                  | Orb.
     0 | Abyss:1  | Reached XP level 1. HP: 19/19 MP: 2/2
    57 | Abyss:1  | Noticed a starcursed mass
    59 | Abyss:1  | Noticed a small abomination
    79 | Abyss:1  | Noticed a large abomination
    88 | Abyss:1  | Noticed a chaos spawn
    92 | Abyss:1  | Noticed an ancient zyme
   105 | Abyss:1  | Noticed a hellwing
   120 | Abyss:1  | Noticed an iron imp
   122 | D:1      | Escaped the Abyss
   356 | D:1      | Reached XP level 2. HP: 22/26 MP: 3/3
   438 | D:1      | Reached * piety under Lugonu
   712 | D:1      | Reached XP level 3. HP: 22/33 MP: 4/4
  1360 | D:2      | Found a blossoming altar of Fedhas.
  1400 | D:2      | Reached ** piety under Lugonu
  1578 | D:2      | Reached XP level 4. HP: 40/40 MP: 5/5
  1694 | D:2      | Found a deep blue altar of Sif Muna.
  1769 | D:2      | Reached skill level 1 in Dodging
  1922 | D:2      | Found an ornate altar of the Wu Jian Council.
  2212 | D:3      | Noticed Robin
  2243 | D:3      | Killed Robin
  2499 | D:3      | Reached XP level 5. HP: 28/46 MP: 5/7
  2665 | D:3      | Found a radiant altar of Vehumet.
  2697 | D:3      | Reached *** piety under Lugonu
  2708 | D:3      | Reached XP level 6. HP: 12/52 MP: 8/8
  3396 | D:3      | Reached skill level 1 in Shields
  3642 | D:4      | Noticed Menkaure
  3817 | D:4      | Killed Menkaure
  4138 | D:4      | Reached XP level 7. HP: 48/60 MP: 9/9
  4769 | D:4      | Identified the Reference Book on Intoxication and
                  | Transmutation
  4791 | D:4      | Found Haenuiro's Antique Armour Boutique.
  5286 | D:4      | Found a bloodstained altar of Trog.
  5337 | D:5      | Entered Level 5 of the Dungeon
  5427 | D:5      | Reached **** piety under Lugonu
  5746 | D:5      | Found a staircase to the Ecumenical Temple.
  5829 | D:5      | Reached XP level 8. HP: 49/67 MP: 11/11
  6701 | D:6      | Found a shadowy altar of Dithmenos.
  6757 | D:6      | Found a glowing golden altar of the Shining One.
  6911 | D:6      | Found an opulent altar of Gozag.
  7131 | D:6      | Found a basalt altar of Yredelemnul.
  7306 | D:7      | Reached skill level 5 in Fighting
  7340 | D:7      | Reached skill level 5 in Invocations
  7453 | D:7      | Reached skill level 5 in Axes
  7480 | D:7      | Found a transporter.
  7482 | D:7      | Found a transporter.
  7482 | D:7      | Noticed a brown ugly thing
  7484 | D:7      | Found a corrupted altar of Lugonu.
  7484 | D:7      | Noticed a red ugly thing
  7484 | D:7      | Noticed a brown ugly thing
  7485 | D:7      | Noticed a purple ugly thing
  7728 | D:7      | Reached skill level 5 in Armour
  7917 | D:7      | Found a glowing silver altar of Zin.
  7917 | D:7      | Noticed an angel
  8569 | D:8      | Reached skill level 1 in Throwing
  8569 | D:8      | Reached XP level 9. HP: 72/74 MP: 13/13
  8999 | D:8      | Noticed a two-headed ogre
  9040 | D:8      | Killed a two-headed ogre
  9109 | D:8      | Found a sparkling altar of Nemelex Xobeh.
  9358 | D:9      | Noticed a two-headed ogre
  9377 | D:9      | HP: 2/75 [two-headed ogre/+0 giant club (24)]
  9422 | D:9      | Killed a two-headed ogre
  9422 | D:9      | Reached skill level 1 in Evocations
  9422 | D:9      | Reached XP level 10. HP: 53/83 MP: 14/14
  9968 | D:9      | Found a hazy altar of Hepliaklqana.
  9982 | D:9      | Reached ***** piety under Lugonu
 10532 | D:9      | Found an iron altar of Okawaru.
 10676 | D:10     | Entered Level 10 of the Dungeon
 10807 | D:10     | Noticed Urug
 10831 | D:10     | HP: 4/126 [Urug/+1 broad axe of electrocution (16)]
 10834 | D:10     | Mangled by Urug

Levels and vault maps discovered:
D:1:      zaba_arrival_water, layout_basic
D:2:      layout_loops_ring, lemuel_round_altar, fedhas_altar_3,
          lemuel_coloured_pillars_altar, first_ration
D:3:      layout_basic, fiery_altar_vehumet, uniq_robin
D:4:      layout_loops_ring, nicolae_overflow_hidden_temple, serial_shops,
          nicolae_shop_temple_entry_statues_fountains,
          hangedman_abyss_or_decor_jellyfish_corner, minivault_19, minivault_1,
          uniq_menkaure
D:5:      layout_rooms, minmay_temple_entry_stoned_glass, grunt_ministairs_7
D:6:      layout_basic, grunt_dithmenos_smoke_and_mirrors, kennysheep_mini,
          nicolae_tso_swordbearing_angel, old_standard_altar
D:7:      gammafunk_corrupted_shrine, layout_layer_cave, zin_angel, st_stairs_12
D:8:      layout_basic, kennysheep_mini_moat
D:9:      layout_basic, overflow_temple_1_default, marbit_many_paths
D:10:     layout_roguey, uniq_urug

Skill      XL: |  1  2  3  4  5  6  7  8  9 10 |
---------------+-------------------------------+-----
Axes           | 2 3 4 5 6 7 |  7.3
Fighting       | 4 5 6 |  6.3
Armour         | 2 3 4 5 6 7 |  7.0
Dodging        | 1 |  1.6
Invocations    | 3 4 5 6 7 |  7.1
Shields        | 1 2 3 4 |  4.3
Throwing       | 1 |  1.5
Evocations     | 1 |  1.2

Action                   |  1- 3 |  4- 6 |  7- 9 | 10-12 || total
-------------------------+-------+-------+-------+-------++-------
Melee: Hand axe          |   124 |   193 |   150 |       ||   467
       Kick              |    24 |    32 |    76 |    25 ||   157
       War axe           |       |       |   172 |    96 ||   268
Throw: Boomerang         |       |       |    14 |     4 ||    18
Invok: Depart the Abyss  |     1 |       |       |       ||     1
       Banish            |       |       |       |     4 ||     4
Evoke: Wand              |       |       |    12 |     7 ||    19
  Use: Scroll            |     5 |     1 |    13 |     1 ||    20
       Potion            |       |     5 |     2 |     5 ||    12
  Eat: Chunk             |     1 |     6 |    11 |     8 ||    26
       Ration            |       |       |     7 |     4 ||    11
Armor: Chain mail        |   111 |   170 |   100 |       ||   381
       Skin              |       |    10 |       |     5 ||    15
       Plate armour      |       |       |   118 |   105 ||   223
Dodge: Dodged            |    34 |    37 |    47 |    11 ||   129
Block: Buckler           |       |    35 |    37 |    20 ||    92

Table legend:
 A = Non-vault XP
 B = Vault XP
 C = Vault XP percentage of total XP
 D = Non-vault monster count
 E = Vault monster count
 F = Vault count percentage of total count
                 A         B        C        D         E       F
            +---------+---------+-------+---------+---------+-------
      Total |    8150 |     523 |   6.0 |     193 |      18 |   8.5
            +---------+---------+-------+---------+---------+-------
        D:1 |      61 |       0 |   0.0 |      33 |       0 |   0.0
        D:2 |      65 |       0 |   0.0 |      23 |       0 |   0.0
        D:3 |     370 |      35 |   8.6 |      40 |      13 |  24.5
        D:4 |     339 |     169 |  33.3 |      18 |       1 |   5.3
        D:5 |     640 |       4 |   0.6 |      17 |       2 |  10.5
        D:6 |     166 |       0 |   0.0 |      11 |       0 |   0.0
        D:7 |     819 |     110 |  11.8 |      11 |       1 |   8.3
        D:8 |    2390 |       0 |   0.0 |      21 |       0 |   0.0
        D:9 |    2898 |     205 |   6.6 |      17 |       1 |   5.6
       D:10 |     402 |       0 |   0.0 |       2 |       0 |   0.0
            +---------+---------+-------+---------+---------+-------
